PBL
HOUSTON COLT .45'S @ CALGARY FLAMES
10/10/2046
 
TOP OF THE 1ST
Roswell Invaders batting - Pitching for Portland Angels : LHP Serafim Antnio
Pitching: LHP Serafim Antnio
Batting: RHB Hector Torres 0-0: Called Strike
0-1: Ground out 4-3 (Groundball, 4M, EV 106.3 MPH)
Batting: RHB Martin Berrios 0-0: Ball
1-0: Ball
2-0: Ball
3-0: Called Strike
3-1: Foul Ball, location: 2F
3-2: Foul Ball, location: 2F
3-2: Foul Ball, location: 2F
3-2: Strikes out swinging
Batting: RHB Jose Valdez 0-0: Ball
1-0: Ground out 5-3 (Groundball, 56S, EV 80.6 MPH)
Top of the 1st over - 0 runs, 0 hits, 0 errors, 0 left on base; Roswell 0 - Portland 0
BOTTOM OF THE 1ST
Portland Angels batting - Pitching for Roswell Invaders : RHP Harold Underwood
Pitching: RHP Harold Underwood
Batting: RHB Aubrey Soldan 0-0: Ground out 5-3 (Groundball, 56S, EV 85.6 MPH)
Batting: RHB Kyle Waters 0-0: Ball
1-0: Ball
2-0: Ball
3-0: Base on Balls
Batting: LHB Bryce Harris 0-0: Called Strike
0-1: Fly out, F8 (Line Drive, 8RM, EV 91.3 MPH)
Batting: RHB Justin Reed 0-0: Ball
1-0: Called Strike
1-1: Fielders Choice at 2nd, 5-4 (Groundball, 56, EV 80.6 MPH)
Bottom of the 1st over - 0 runs, 0 hits, 0 errors, 1 left on base; Roswell 0 - Portland 0
TOP OF THE 2ND
Roswell Invaders batting - Pitching for Portland Angels : LHP Serafim Antnio
Batting: LHB Pete Dillon 0-0: Fly out, F7 (Line Drive, 7, EV 93.1 MPH)
Batting: RHB Rich Yoder 0-0: Ball
1-0: DOUBLE (Line Drive, 7LM, EV 96.3 MPH)
Batting: LHB Todd Hecht 0-0: Ball
1-0: Ground out 4-3 (Groundball, 4, EV 83.1 MPH)
Rich Yoder to third
Batting: RHB David Larsen 0-0: Called Strike
0-1: Swinging Strike
0-2: Ball
1-2: Strikes out swinging
Top of the 2nd over - 0 runs, 1 hit, 0 errors, 1 left on base; Roswell 0 - Portland 0
BOTTOM OF THE 2ND
Portland Angels batting - Pitching for Roswell Invaders : RHP Harold Underwood
Batting: RHB Abraha Yusef 0-0: Ball
1-0: Ball
2-0: Called Strike
2-1: Swinging Strike
2-2: Strikes out swinging
Batting: RHB Jayson Robinson 0-0: Called Strike
0-1: DOUBLE (Line Drive, 7LM, EV 108.1 MPH)
Batting: LHB Kevin Thorp 0-0: Ball
1-0: Ball
2-0: Called Strike
2-1: Ground out U3 (Groundball, 3S, EV 79.4 MPH)
Jayson Robinson to third
Batting: RHB Humberto Rebollar 0-0: SINGLE (Line Drive, 9S, EV 111.9 MPH)
Jayson Robinson scores
Batting: RHB Serafim Antnio 0-0: Swinging Strike
0-1: Swinging Strike
0-2: Foul Ball, location: 2F
0-2: Foul Ball, location: 2F
0-2: Strikes out swinging
Bottom of the 2nd over - 1 run, 2 hits, 0 errors, 1 left on base; Roswell 0 - Portland 1
TOP OF THE 3RD
Roswell Invaders batting - Pitching for Portland Angels : LHP Serafim Antnio
Batting: RHB Mike Dagley 0-0: Called Strike
0-1: Foul Ball, location: 2F
0-2: Strikes out looking
Batting: RHB Harold Underwood 0-0: Ball
1-0: Called Strike
1-1: Ground out U3 (Groundball, 34S, EV 88.8 MPH)
Batting: RHB Hector Torres 0-0: Ground out 6-3 (Groundball, 56, EV 101.3 MPH)
Top of the 3rd over - 0 runs, 0 hits, 0 errors, 0 left on base; Roswell 0 - Portland 1
BOTTOM OF THE 3RD
Portland Angels batting - Pitching for Roswell Invaders : RHP Harold Underwood
Batting: RHB Aubrey Soldan 0-0: Called Strike
0-1: Ball
1-1: Foul Ball, location: 2F
1-2: Strikes out swinging
Batting: RHB Kyle Waters 0-0: Ball
1-0: Ball
2-0: Foul Ball, location: 2F
2-1: Foul Ball, location: 2F
2-2: SINGLE (Line Drive, 3D, EV 96.9 MPH)
Batting: LHB Bryce Harris 0-0: Ball
1-0: Swinging Strike
1-1: Ball
Kyle Waters steals 2nd, throwing error, E2
Kyle Waters to third
2-1: Fly out, F9 (Flyball, 89S, EV 76.9 MPH)
Batting: RHB Justin Reed 0-0: Ball
1-0: Foul Ball, location: 2F
1-1: Called Strike
1-2: Strikes out swinging
Bottom of the 3rd over - 0 runs, 1 hit, 1 error, 1 left on base; Roswell 0 - Portland 1
TOP OF THE 4TH
Roswell Invaders batting - Pitching for Portland Angels : LHP Serafim Antnio
Batting: RHB Martin Berrios 0-0: Foul Ball, location: 2F
0-1: Called Strike
0-2: Ball
1-2: Ball
2-2: Strikes out swinging
Batting: RHB Jose Valdez 0-0: Ball
1-0: Ball
2-0: Ball
3-0: Called Strike
3-1: DOUBLE (Line Drive, 78M, EV 99.4 MPH)
Batting: LHB Pete Dillon 0-0: Ball
1-0: Foul Ball, location: 2F
1-1: Swinging Strike
1-2: Foul Ball, location: 2F
1-2: Ball
2-2: Fly out, F9 (Flyball, 9LD, EV 99.4 MPH)
Runner from 2nd tags up, SAFE at 3rd, no throw by RF
Batting: RHB Rich Yoder 0-0: Ball
1-0: Called Strike
1-1: Called Strike
1-2: Strikes out looking
Top of the 4th over - 0 runs, 1 hit, 0 errors, 1 left on base; Roswell 0 - Portland 1
BOTTOM OF THE 4TH
Portland Angels batting - Pitching for Roswell Invaders : RHP Harold Underwood
Batting: RHB Abraha Yusef 0-0: Ball
1-0: Swinging Strike
1-1: Called Strike
1-2: Ground out 6-3 (Groundball, 6, EV 83.1 MPH)
Batting: RHB Jayson Robinson 0-0: Ground out 5-3 (Groundball, 56, EV 83.8 MPH)
Batting: LHB Kevin Thorp 0-0: Called Strike
0-1: Ball
1-1: Ball
2-1: Ground out 1-3 (Groundball, 13S, EV 75.6 MPH)
Bottom of the 4th over - 0 runs, 0 hits, 0 errors, 0 left on base; Roswell 0 - Portland 1
TOP OF THE 5TH
Roswell Invaders batting - Pitching for Portland Angels : LHP Serafim Antnio
Batting: LHB Todd Hecht 0-0: Foul Ball, location: 2F
0-1: Ball
1-1: Ball
2-1: Ball
3-1: Fly out, F8 (Flyball, 78S, EV 91.3 MPH)
Batting: RHB David Larsen 0-0: Ball
1-0: Foul Ball, location: 2F
1-1: Foul Ball, location: 2F
1-2: Strikes out swinging
Batting: RHB Mike Dagley 0-0: Ball
1-0: Fly out, F9 (Flyball, 9D, EV 103.8 MPH)
Top of the 5th over - 0 runs, 0 hits, 0 errors, 0 left on base; Roswell 0 - Portland 1
BOTTOM OF THE 5TH
Portland Angels batting - Pitching for Roswell Invaders : RHP Harold Underwood
Batting: RHB Humberto Rebollar 0-0: Called Strike
0-1: Ball
1-1: Ground out 4-3 (Groundball, 4MS, EV 84.4 MPH)
Batting: RHB Serafim Antnio 0-0: Ball
1-0: Called Strike
1-1: Foul Ball, location: 2F
1-2: Ball
2-2: Ground out 5-3 (Groundball, 56, EV 100.6 MPH)
Batting: RHB Aubrey Soldan 0-0: Ball
1-0: Called Strike
1-1: Ball
2-1: Foul Ball, location: 2F
2-2: Foul Ball, location: 2F
2-2: Strikes out looking
Bottom of the 5th over - 0 runs, 0 hits, 0 errors, 0 left on base; Roswell 0 - Portland 1
TOP OF THE 6TH
Roswell Invaders batting - Pitching for Portland Angels : LHP Serafim Antnio
Batting: RHB Harold Underwood 0-0: Foul Ball, location: 2F
0-1: Called Strike
0-2: SINGLE (Groundball, 56D, EV 110.0 MPH)
Batting: RHB Hector Torres 0-0: Ball
1-0: Ball
2-0: Fielders Choice at 2nd, 4-6 (Groundball, 4, EV 103.8 MPH)
Batting: RHB Martin Berrios 0-0: Called Strike
0-1: Called Strike
0-2: Ball
1-2: SINGLE (Groundball, 34, EV 82.5 MPH) (infield hit)
Hector Torres to second
Batting: RHB Jose Valdez 0-0: Called Strike
0-1: Grounds into double play, 6-4-3 (Groundball, 6M, EV 108.1 MPH)
Top of the 6th over - 0 runs, 2 hits, 0 errors, 1 left on base; Roswell 0 - Portland 1
BOTTOM OF THE 6TH
Portland Angels batting - Pitching for Roswell Invaders : RHP Harold Underwood
Batting: RHB Kyle Waters 0-0: Foul Ball, location: 2F
0-1: Ball
1-1: Swinging Strike
1-2: Foul Ball, location: 2F
1-2: SOLO HOME RUN (Flyball, 89XD, EV 112.5 MPH), Distance : 436 ft
Batting: LHB Bryce Harris 0-0: Called Strike
0-1: Swinging Strike
0-2: Strikes out swinging
Batting: RHB Justin Reed 0-0: Ball
1-0: Foul Ball, location: 2F
1-1: Ball
2-1: Fly out, F8 (Flyball, 8LM, EV 85.0 MPH)
Batting: RHB Abraha Yusef 0-0: Called Strike
0-1: Swinging Strike
0-2: Ball
1-2: Foul Ball, location: 2F
1-2: Strikes out swinging
Bottom of the 6th over - 1 run, 1 hit, 0 errors, 0 left on base; Roswell 0 - Portland 2
TOP OF THE 7TH
Roswell Invaders batting - Pitching for Portland Angels : LHP Serafim Antnio
Batting: LHB Pete Dillon 0-0: Ball
1-0: Swinging Strike
1-1: Foul Ball, location: 2F
1-2: Ball
2-2: SOLO HOME RUN (Flyball, 9D, EV 87.5 MPH), Distance : 359 ft
Batting: RHB Rich Yoder 0-0: Ball
1-0: Ball
2-0: SINGLE (Line Drive, 6MD, EV 100.0 MPH)
Batting: LHB Todd Hecht 0-0: Swinging Strike
0-1: Ball
1-1: Sac Bunt to 25 - play at first, batter OUT! 5-4
Rich Yoder to second
Pitching: RHP Jeremy Anderson
Pinch Hitting: LHB Zachary Lipscomb 0-0: Foul Ball, location: 2F
0-1: Foul Ball, location: 2F
0-2: Ball
1-2: Ground out 1-3 (Groundball, P, EV 65.6 MPH)
Rich Yoder to third
Batting: RHB Mike Dagley 0-0: Swinging Strike
0-1: Called Strike
0-2: Strikes out swinging
Top of the 7th over - 1 run, 2 hits, 0 errors, 1 left on base; Roswell 1 - Portland 2
BOTTOM OF THE 7TH
Portland Angels batting - Pitching for Roswell Invaders : RHP Harold Underwood
Pitching: RHP Alex Saavedra
Now at 3B: Charlie Voss
Batting: RHB Jayson Robinson 0-0: Foul Ball, location: 2F
0-1: Foul Ball, location: 2F
0-2: Ball
1-2: Strikes out looking
Batting: LHB Kevin Thorp 0-0: Ball
1-0: Ground out 5-3 (Groundball, 56, EV 92.5 MPH)
Batting: RHB Humberto Rebollar 0-0: Fly out, F7 (Line Drive, 7, EV 97.5 MPH)
Bottom of the 7th over - 0 runs, 0 hits, 0 errors, 0 left on base; Roswell 1 - Portland 2
TOP OF THE 8TH
Roswell Invaders batting - Pitching for Portland Angels : RHP Jeremy Anderson
Now in LF: Aaron Younger
Pinch Hitting: LHB Kyler Peterson 0-0: Ball
1-0: Foul Ball, location: 2F
1-1: Ball
2-1: Ball
3-1: Swinging Strike
3-2: Fly out, F8 (Flyball, 8LD, EV 93.1 MPH)
Batting: RHB Hector Torres 0-0: Foul Ball, location: 2F
0-1: Called Strike
0-2: Ball
1-2: Ball
2-2: Foul Ball, location: 2F
2-2: Ball
3-2: Foul Ball, location: 2F
3-2: Fly out, F9 (Flyball, 9D, EV 104.4 MPH)
Batting: RHB Martin Berrios 0-0: Ball
1-0: Ball
2-0: Foul Ball, location: 2F
2-1: SINGLE (Groundball, 34D, EV 99.4 MPH)
Batting: RHB Jose Valdez 0-0: Called Strike
0-1: Called Strike
0-2: Ball
1-2: Foul Ball, location: 2F
1-2: Fly out, F4 (Popup, 4MD, EV 50.0 MPH)
Top of the 8th over - 0 runs, 1 hit, 0 errors, 1 left on base; Roswell 1 - Portland 2
BOTTOM OF THE 8TH
Portland Angels batting - Pitching for Roswell Invaders : RHP Alex Saavedra
Pitching: RHP Jaime Gutierrez
Pinch Hitting: LHB Mike Wilson 0-0: Called Strike
0-1: Foul Ball, location: 2F
0-2: Ball
1-2: Strikes out swinging wild pitch, reaches first!
Batting: RHB Aubrey Soldan 0-0: Ball
Passed Ball!
Mike Wilson to second
1-0: Ball
2-0: Ball
Wild Pitch!
Mike Wilson to third
3-0: Called Strike
3-1: Base on Balls
Batting: RHB Kyle Waters 0-0: Fly out, F7 (Flyball, 78S, EV 92.5 MPH)
Batting: LHB Bryce Harris 0-0: Ball
1-0: Ball
2-0: Ball
3-0: Called Strike
3-1: SINGLE (Line Drive, 89S, EV 112.5 MPH)
Mike Wilson scores
Aubrey Soldan to second
Batting: RHB Justin Reed 0-0: Ball
1-0: Ball
2-0: Ball
Wild Pitch!
Aubrey Soldan to third
Bryce Harris to second
3-0: Swinging Strike
3-1: Called Strike
3-2: Foul Ball, location: 2F
3-2: Base on Balls
Batting: RHB Abraha Yusef 0-0: Called Strike
0-1: Ball
1-1: Called Strike
1-2: Strikes out swinging
Batting: RHB Jayson Robinson 0-0: Ball
Passed Ball!
Aubrey Soldan scores
Bryce Harris to third
Justin Reed to second
1-0: Foul Ball, location: 2F
1-1: Swinging Strike
1-2: SINGLE (Line Drive, 34, EV 105.0 MPH)
Bryce Harris scores
Justin Reed to third
Pitching: LHP Matt Lowery
Batting: LHB Aaron Younger 0-0: Ground out 6-3 (Groundball, 6S, EV 86.3 MPH)
Bottom of the 8th over - 3 runs, 2 hits, 0 errors, 2 left on base; Roswell 1 - Portland 5
TOP OF THE 9TH
Roswell Invaders batting - Pitching for Portland Angels : RHP Jeremy Anderson
Pitching: LHP Matt LaCamera
Batting: LHB Pete Dillon 0-0: Foul Ball, location: 2F
0-1: Ground out 4-3 (Groundball, 4, EV 91.9 MPH)
Batting: RHB Rich Yoder 0-0: Ball
1-0: Foul Ball, location: 2F
1-1: Called Strike
1-2: Foul Ball, location: 2F
1-2: Strikes out swinging
Batting: LHB Todd Hecht 0-0: Called Strike
0-1: Ball
1-1: Swinging Strike
1-2: Strikes out swinging
Top of the 9th over - 0 runs, 0 hits, 0 errors, 0 left on base; Roswell 1 - Portland 5
Tuesday, September 13th , 2022 - OOTP Baseball 23.7 Build 88